AoeStats
← Maty

African Clearing

510349112Analyzed
4v4 RM · 1d ago on Sep 30, 2026· 51m 24s· 8 players
Game mode
Random Map
Map size
Large (8 player)
Population
200
Speed
Normal
Resources
Standard
Victory
Conquest
Starting age
Dark Age
Ending age
Imperial Age
RankedLock teamsTeams togetherTeam positionsShared explorationLock speedFull tech treeHidden civsTurbo modeCheats
Victory
Defeat
🇨🇳 Turks · China
1602
+11
🇨🇳 Vietnamese · China
1519
+14
🇨🇳 Hindustanis · China
1470
+16
🇨🇳 Bengalis · China
1402
+18
🇨🇿 Burmese · Czechia
1510
-16
🇪🇨 Armenians · Ecuador
1485
-15
🇷🇺 Sicilians · Russia
1471
-15
🇨🇿 Malay · Czechia
1431
-13
nikolay.borisbl4
10:53 Loom
14:23 Feudal Age
15:23 Arson
16:46 Fletching
17:08 Forging
17:17 Town Watch
18:56 Scale Mail Armor
18:50 Double-Bit Axe
21:02 Wheelbarrow
29:21 Castle Age
30:58 Bodkin Arrow
40:27 Horse Collar
kest
5:37 Loom
13:48 Feudal Age
14:27 Double-Bit Axe
19:22 Castle Age
19:23 Bow Saw
26:26 Wheelbarrow
28:04 Husbandry
27:56 Horse Collar
29:51 Scale Barding Armor
29:56 Forging
34:58 Imperial Age
33:24 Iron Casting
32:54 Heavy Plow
33:15 Gold Mining
35:38 Blast Furnace
35:13 Fletching
35:57 Conscription
35:47 Elite Battle Elephant
37:53 Hand Cart
42:15 Gold Shaft Mining
43:39 Bodkin Arrow
46:03 Elite Karambit Warrior
47:23 Masonry
46:53 Treadmill Crane
48:15 Chemistry
47:35 Ballistics
46:55 Heavy Scorpion
49:26 Siege Engineers
DetectiveYemitoShumafuk
12:47 Feudal Age
11:41 Loom
14:07 Loom
17:23 Castle Age
27:38 Stone Mining
28:29 Wheelbarrow
37:30 Town Watch
38:26 Gold Mining
41:26 Bloodlines
41:17 Husbandry
44:12 Gold Shaft Mining
44:03 Manipur Cavalry
45:03 Hand Cart
45:09 Masonry
45:20 Ballistics
51:06 Imperial Age
Maty
5:05 Loom
15:54 Feudal Age
15:58 Man-at-Arms
18:05 Town Watch
20:53 Castle Age
19:15 Double-Bit Axe
19:24 Gold Mining
20:15 Fletching
20:56 Crossbowman
22:55 Wheelbarrow
25:00 Horse Collar
26:20 Sanctity
35:21 Bodkin Arrow
35:54 Murder Holes
39:56 Imperial Age
39:13 Bow Saw
39:56 Padded Archer Armor
41:07 Bracer
41:29 Ballistics
42:21 Chemistry
41:39 Elite Composite Bowman
43:05 Leather Archer Armor
42:43 Stone Mining
43:29 Gold Shaft Mining
44:43 Hand Cart
44:29 Town Patrol
44:35 Heavy Plow
46:59 Ring Archer Armor
46:42 Masonry
47:47 Conscription
47:32 Fereters
49:12 Long Swordsman
49:53 Squires
49:39 Gambesons
49:54 Two-Handed Swordsman
50:37 Scale Mail Armor
51:28 Coinage
51:09 Guilds
乐邦
11:38 Loom
13:54 Feudal Age
18:44 Castle Age
18:27 Double-Bit Axe
19:11 Fletching
22:12 Bodkin Arrow
23:34 Crossbowman
24:10 Horse Collar
25:20 Crossbowman
27:21 Wheelbarrow
29:39 Fishing Lines
30:47 Ballistics
31:50 Town Watch
34:00 Hand Cart
38:39 Imperial Age
37:06 Stone Mining
37:06 Gold Mining
37:34 Husbandry
37:44 Bloodlines
39:05 Gold Shaft Mining
38:49 Scale Barding Armor
38:54 Forging
39:35 Forging
40:02 Bow Saw
40:19 Chain Barding Armor
40:20 Light Cavalry
42:27 Plate Barding Armor
42:27 Iron Casting
42:16 Town Patrol
42:27 Paiks
42:43 Conscription
42:37 Elite Ratha (Ranged)
44:30 Blast Furnace
43:32 Bracer
43:32 Padded Archer Armor
46:48 Leather Archer Armor
47:36 Chemistry
46:47 Masonry
48:42 Two-Man Saw
47:44 Heavy Plow
49:04 Mahayana
49:45 Ring Archer Armor
49:16 Scale Mail Armor
赶脚的柠檬头
11:38 Loom
14:04 Feudal Age
17:45 Castle Age
15:58 Double-Bit Axe
16:37 Fishing Lines
17:41 Forging
18:51 Scale Barding Armor
27:33 Wheelbarrow
29:48 Chain Barding Armor
30:21 Iron Casting
32:23 Bow Saw
35:08 Imperial Age
33:14 Bloodlines
33:04 Husbandry
33:32 Fletching
34:17 Gold Mining
34:24 Bodkin Arrow
35:29 Sipahi
35:38 Ballistics
35:44 Thumb Ring
36:26 Parthian Tactics
36:40 Conscription
36:37 Heavy Cavalry Archer
38:49 Bombard Tower
38:36 Bracer
38:36 Padded Archer Armor
39:55 Artillery
41:30 Leather Archer Armor
42:19 Gold Shaft Mining
44:02 Ring Archer Armor
44:17 Plate Barding Armor
43:59 Stone Mining
45:39 Blast Furnace
45:42 Hand Cart
49:25 Two-Man Saw
48:26 Town Watch
51:06 Murder Holes
51:23 Masonry
50:54 Treadmill Crane
唐火火
4:22 Loom
12:45 Feudal Age
21:25 Castle Age
19:35 Double-Bit Axe
20:19 Stone Mining
24:41 Bow Saw
25:25 Fletching
26:20 Horse Collar
29:47 Bodkin Arrow
29:53 Padded Archer Armor
32:03 Ballistics
31:23 Treadmill Crane
32:22 Wheelbarrow
31:42 Treadmill Crane
32:54 Gold Mining
36:32 Heavy Plow
39:26 Imperial Age
37:36 Hand Cart
38:31 Stone Shaft Mining
39:50 Forging
39:41 Scale Mail Armor
39:46 Squires
39:31 Arson
41:07 Paper Money
40:19 Elite Fire Lancer
42:30 Two-Man Saw
44:12 Chain Mail Armor
44:32 Iron Casting
46:31 Chemistry
45:36 Siege Engineers
46:03 Plate Mail Armor
93老玩家回归
12:36 Feudal Age
16:38 Castle Age
14:49 Double-Bit Axe
15:38 Stone Mining
18:05 Loom
31:20 Scale Mail Armor
32:15 Forging
42:31 Imperial Age
42:17 Fletching
Connection lost

Rejoining the realm…

Still unreachable

The connection could not be restored.

Session expired

The server has moved on; the page needs a fresh start.